 Dungeon Sprint DCSS version 0.21-a0-71-g5e5ddd2 (webtiles) character file.

179 Kidiri the Chucker (level 5, -5/50 (52) HPs)
             Began as a Troll Hunter on June 19, 2017.
             Was an Initiate of Wu Jian.
             Slain by a redback (11 damage)
             ... summoned by a deep elf mage
             ... in the Dungeon (Sprint V: "Ziggurat Sprint").
             The game lasted 00:01:31 (149 turns).

Kidiri the Chucker (Troll Hunter)                    Turns: 149, Time: 00:01:32

HP:   -5/50 (52)    AC:  5    Str: 20    XL:     5   Next: 32%
MP:   5/5           EV: 13    Int:  7    God:    Wu Jian [......]
Gold: 0             SH:  0    Dex: 23    Spells: 6/6 levels left

rFire    . . .     SeeInvis .     - Unarmed
rCold    . . .     Gourm    +   (no shield)
rNeg     . . .     Faith    .   b - +0 robe
rPois    .         Spirit   .   (helmet restricted)
rElec    .         Reflect  .   (no cloak)
rCorr    .         Harm     .   (gloves unavailable)
MR       .....     NoTele   +   (boots unavailable)
Stlth    +++.......             (no amulet)
HPRegen  0.56/turn              y - +6 ring of dexterity
MPRegen  0.09/turn              A - +6 ring of dexterity

@: no status effects
A: unfitting armour, claws 3, fast metabolism 3, gourmand, regeneration 1,
shaggy fur 1, tough skin 2
a: Renounce Religion


You were in the Dungeon.
You worshipped Wu Jian.
Wu Jian was noncommittal.
You were not hungry.

You visited 1 branch

Inventory:

Missiles
 c - 5 large rocks (quivered)
 d - 2 throwing nets
Armour
 b - a +0 robe (worn)
 J - +5 gold dragon scales
Jewellery
 y - a +6 ring of dexterity (left claw)
 A - a +6 ring of dexterity (right claw)
 B - a +6 ring of intelligence
 C - a +6 ring of intelligence
 D - a +6 ring of strength
 E - a +6 ring of strength
Wands
 F - a wand of disintegration (7/24)
 G - a wand of iceblast (5/15)
 H - a wand of lightning (5/15)
 I - a wand of acid (5/15)
Scrolls
 k - 4 scrolls of blinking
 q - 4 scrolls of amnesia
 r - 3 scrolls of recharging
 s - 8 scrolls of fog
 t - a scroll of holy word
 u - 5 scrolls of identify
 v - 5 scrolls of remove curse
 w - 2 scrolls of fear
Potions
 a - 2 potions of brilliance
 e - 10 potions of curing
 g - 10 potions of heal wounds
 h - 6 potions of haste
 i - 7 potions of magic
 j - 2 potions of berserk rage
 l - 2 potions of invisibility
 m - 4 potions of resistance
 o - 5 potions of agility
 p - 5 potions of might
Comestibles
 f - 6 bread rations
 x - 42 fruits
 z - 4 meat rations


   Skills:
 + Level 2.9 Fighting
 + Level 6.9 Throwing
 * Level 3.5 Armour
 * Level 3.9 Dodging
 * Level 2.6 Stealth
 * Level 4.3 Unarmed Combat
 + Level 1.0 Spellcasting
 + Level 1.3 Evocations


You had 6 spell levels left.
You didn't know any spells.

Dungeon Overview and Level Annotations

Branches:
Dungeon (1/1)

Altars:
Ashenzari
Cheibriados
Dithmenos
Elyvilon
Fedhas
Gozag
Hepliaklqana
Kikubaaqudgha
Makhleb
Nemelex Xobeh
Okawaru
Qazlal
Ru
Sif Muna
Trog
Uskayaw
Vehumet
Wu Jian
Xom
Yredelemnul
Zin
The Shining One
Beogh
Jiyva
Lugonu

Annotations:
D 1 transporter


Innate Abilities, Weirdness & Mutations

You are too large for most types of armour.
You have claws for hands.
Your metabolism is lightning-fast.
You like to eat raw meat.
Your natural rate of healing is unusually fast.
You are covered in fur. (AC +1)
You have very tough skin. (AC +2)


Message History

Unknown command.
The demonic crawler hits you! The demonic crawler barely misses you.
The demonic crawler misses you.
Unknown command.
You miss the deep elf mage. The demonic crawler hits you. x3
The deep elf mage hits you with a rapier.
The redback closely misses you.
Unknown command.
The deep elf mage shouts!
You scratch the deep elf mage.
The deep elf mage is lightly wounded.
The redback bites you!
* * * LOW HITPOINT WARNING * * *
The demonic crawler hits you.
* * * LOW HITPOINT WARNING * * *
The demonic crawler misses you. x2; The redback closely misses you.
The deep elf mage hits you with a rapier.
* * * LOW HITPOINT WARNING * * *
The redback bites you!
You die...

▓▓▓▓▓▓▓▓▓▓▓▓▓
▓.8©8.▓.8©8.▓
▓.|)=.▓.....▓
▓..e..▓.)...▓
▓.sese▓.....▓
▓..@s.▓.....▓
▓.....▓.....▓
▓.....▓▓▓▓▓▓▓
▓▓▓▓▓▓▓


You could see a demonic crawler, 3 deep elf magi and 2 redbacks.

Vanquished Creatures
  2 necrophages (D)
2 creatures vanquished.

Vanquished Creatures (others)
  2 spatial maelstroms (D)
2 creatures vanquished.

Grand Total: 4 creatures vanquished

Notes
Turn   | Place    | Note
-------+----------+-------------------------------------------
     0 | D        | Kidiri the Troll Hunter began the quest for the Orb.
     0 | D        | Reached XP level 1. HP: 19/19 MP: 0/0
     1 | D        | Found a deep blue altar of Sif Muna.
     1 | D        | Found a sacrificial altar of Ru.
     1 | D        | Found a bloodstained altar of Trog.
     1 | D        | Found a stormy altar of Qazlal.
     1 | D        | Found an iron altar of Okawaru.
     1 | D        | Found a sparkling altar of Nemelex Xobeh.
     1 | D        | Found a blossoming altar of Fedhas.
     2 | D        | Banished a spatial maelstrom
     3 | D        | Found a transporter.
     3 | D        | Found an ancient bone altar of Kikubaaqudgha.
     3 | D        | Found a viscous altar of Jiyva.
     3 | D        | Found a corrupted altar of Lugonu.
     3 | D        | Found a hazy altar of Hepliaklqana.
     3 | D        | Found a burning altar of Makhleb.
     3 | D        | Found an opulent altar of Gozag.
     3 | D        | Banished a spatial maelstrom
    30 | D        | Banished a spatial maelstrom
    51 | D        | Became a worshipper of the Wu Jian Council
    55 | D        | Reached skill level 4 in Throwing
    55 | D        | Reached skill level 1 in Stealth
    55 | D        | Reached skill level 1 in Spellcasting
    55 | D        | Reached skill level 1 in Evocations
    55 | D        | Reached XP level 2. HP: 29/29 MP: 0/2
    67 | D        | Entered arena 2.
    67 | D        | Noticed a necrophage
    67 | D        | Noticed a necrophage
    67 | D        | Found a transporter.
    76 | D        | Killed a necrophage
    76 | D        | Reached skill level 5 in Throwing
    76 | D        | Reached XP level 3. HP: 34/34 MP: 1/3
    76 | D        | Reached XP level 4. HP: 42/42 MP: 1/4
    79 | D        | Killed a necrophage
    79 | D        | Reached skill level 6 in Throwing
    79 | D        | Reached XP level 5. HP: 50/50 MP: 1/5
   145 | D        | Entered arena 3.
   145 | D        | Noticed a deep elf mage
   145 | D        | Noticed a deep elf mage
   145 | D        | Noticed a deep elf mage
   145 | D        | Found a transporter.
   147 | D        | Noticed a redback
   147 | D        | Noticed a redback
   147 | D        | Noticed a demonic crawler
   149 | D        | Slain by a redback

Vault maps used:
D:        sprint_v

Skill      XL: |  1  2  3  4 |
---------------+-------------+-----
Fighting       | 2 |  2.9
Throwing       | 4 5 6 |  6.9
Armour         | 2 3 |  3.5
Dodging        | 2 3 |  3.9
Stealth        | 1 2 |  2.6
Unarmed Combat | 2 3 4 |  4.3
Spellcasting   | 1 |  1.0
Evocations     | 1 |  1.3

Action                   |  1- 3 |  4- 6 || total
-------------------------+-------+-------++-------
Melee: Unarmed           |     6 |     5 ||    11
  Use: Potion            |     2 |       ||     2
Armor: Robe              |     5 |     1 ||     6
Dodge: Dodged            |     3 |     7 ||    10
